 Dungeon Crawl Stone Soup version 0.23.2-1-ga50397a (webtiles) character file.

Game seed: 17391292674077431767

48 nyanpiggle the Magician (level 3, -5/28 HPs)
             Began as a Naga Wizard on May 12, 2019.
             Was an Initiate of the Shining One.
             Slain by a worm (10 damage)
             ... on level 3 of the Dungeon.
             The game lasted 00:16:58 (2560 turns).

nyanpiggle the Magician (Naga Wizard)               Turns: 2560, Time: 00:16:58

Health: -5/28      AC:  3    Str:  9    XL:     3   Next: 72%
Magic:  4/8        EV: 10    Int: 19    God:    the Shining One [......]
Gold:   80         SH:  0    Dex:  9    Spells: 4/10 levels left

rFire    . . .     SeeInvis +   e - +0 dagger
rCold    . . .     Gourm    .   (no shield)
rNeg     . . .     Faith    .   a - +0 robe
rPois    +         Spirit   .   b - +0 hat
rElec    .         Reflect  .   (no cloak)
rCorr    .         Harm     .   g - +0 pair of gloves
MR       .....                  (no barding)
Stlth    +.........             (no amulet)
HPRegen  0.09/turn              (no ring)
MPRegen  0.11/turn              (no ring)

@: glowing, very slow
A: large, see invisible, deformed body, poison resistance, slowness 2, slow
metabolism 1, spit poison 1, AC +1
a: Spit Poison, Renounce Religion


You were on level 3 of the Dungeon.
You worshipped the Shining One.
The Shining One was noncommittal.
You were not hungry.

You visited 1 branch of the dungeon, and saw 3 of its levels.

You collected 80 gold pieces.

Inventory:

Hand Weapons
 e - a +0 dagger (weapon)
 f - a +0 dagger
 l - a +0 dagger
 o - a +0 dagger
Armour
 a - a +0 robe (worn)
 b - a +0 hat (worn)
 g - a +0 pair of gloves (worn)
Scrolls
 i - a scroll of teleportation
Potions
 c - a potion of haste {unknown}
 h - 3 potions of resistance
 j - a potion of agility
 k - a potion of heal wounds {unknown}
 m - a potion of berserk rage {unknown}
 n - 2 potions of flight {unknown}
Comestibles
 d - 3 rations
 p - 2 chunks of flesh


   Skills:
 + Level 0.5 Short Blades
 + Level 1.8 Dodging
 + Level 3.0 Stealth
 * Level 4.1 Spellcasting
 + Level 1.0 Conjurations
 + Level 1.0 Summonings
   Level 1.0 Translocations
 + Level 0.1 Poison Magic


You had 4 spell levels left.
You knew the following spells:

 Your Spells              Type           Power        Failure   Level  Hunger
a - Magic Dart            Conj           #...         9%          1    None
b - Call Imp              Summ           #.......     14%         2    ##.....
c - Mephitic Cloud        Conj/Pois/Air  #.......     34%         3    ###....

Your spell library contained the following spells:

 Spells                   Type           Power        Failure   Level  Hunger
 Blink                    Tloc           N/A          14%         2    ##.....
 Slow                     Hex            #.......     21%         2    ##.....
 Conjure Flame            Conj/Fire      #.......     32%         3    ###....


Dungeon Overview and Level Annotations

Branches:
Dungeon (3/15)

Altars:
Okawaru
The Shining One


Innate Abilities, Weirdness & Mutations

You cannot wear boots.
Your serpentine skin is tough. (AC +1)
You have supernaturally acute eyesight. (SInv)
Armour fits poorly on your strangely shaped body.
Your system is resistant to poisons. (rPois)
You cover ground very slowly.
You have a slow metabolism.
You can spit poison.


Message History

* * * LOW HITPOINT WARNING * * *
You hit the worm but do no damage.
The worm is heavily wounded.
You hit the worm.
The worm is severely wounded.
The worm barely misses you.
You hit the worm.
The worm is severely wounded.
You barely miss the worm.
The worm is severely wounded.
The worm barely misses you.
You barely miss the worm.
The worm is severely wounded.
You hit the worm.
The worm is severely wounded.
The worm barely misses you.
You hit the worm.
The worm is almost dead.
The worm bites you!
You die...

# .# . .# ####. .#
... .# #.# .#
##.## .######
##...#####.....).
#.<.รท.@w....?....
#.....############
.....#.+##
####...# ##.## #.
#. #.


You could see a worm.

Vanquished Creatures
  An adder (D:3)
  An ooze (D:2)
  A leopard gecko (D:2)
  2 bats
  5 hobgoblins
  5 jackals
  2 kobolds (D:2)
  3 frilled lizards (D:1)
  6 goblins
  7 rats
33 creatures vanquished.

Vanquished Creatures (others)
  7 toadstools (D:1)
7 creatures vanquished.

Grand Total: 40 creatures vanquished

Notes
Turn   | Place    | Note
-------+----------+-------------------------------------------
     0 | D:1      | nyanpiggle the Naga Wizard began the quest for the Orb.
     0 | D:1      | Reached XP level 1. HP: 15/15 MP: 4/4
   594 | D:1      | Reached XP level 2. HP: 22/22 MP: 0/6
   599 | D:1      | Learned a level 2 spell: Call Imp
  1678 | D:2      | Reached XP level 3. HP: 28/28 MP: 0/8
  2080 | D:2      | Reached skill level 4 in Spellcasting
  2158 | D:2      | Learned a level 3 spell: Mephitic Cloud
  2203 | D:2      | Found a glowing golden altar of the Shining One.
  2236 | D:2      | Became a worshipper of the Shining One
  2347 | D:2      | Found an iron altar of Okawaru.
  2560 | D:3      | Slain by a worm

Skill      XL: |  1  2  3 |
---------------+----------+-----
Spellcasting   | 4 |  4.1
Short Blades   | |  0.5
Dodging        | |  1.8
Stealth        | |  3.0
Conjurations   | |  1.0
Summonings     | |  1.0
Translocations | |  1.0
Poison Magic   | |  0.1

Action                   || total
-------------------------++-------
Melee: Dagger            ||    74
 Cast: Magic Dart        ||    68
       Mephitic Cloud    ||     3
  Use: Scroll            ||     3
       Potion            ||     2
  Eat: Chunk             ||     1
       Ration            ||     1
Armor: Robe              ||    20
Dodge: Dodged            ||    40
